 Dungeon Crawl Stone Soup version 0.31-a0-978-g1e143483b6 (webtiles) character file.

Game seed: 12293840364537772888

301 Dirtsage the Insei (level 6, -6/61 HPs)
             Began as an Octopode Shapeshifter on Oct 30, 2023.
             Mangled by a bullfrog (9 damage)
             ... in a sewer.
             The game lasted 00:06:54 (1997 turns).

Dirtsage the Insei (Octopode Shapeshifter)          Turns: 1997, Time: 00:06:55

Health: -6/61      AC:  1    Str: 13    XL:     6   Next: 37%
Magic:  6/6        EV: 10    Int: 12    God:
Gold:   144        SH:  0    Dex: 14    Spells: 5/5 levels left

rFire   . .          .
                       - Unarmed
rCold   . . .        (no shield)
rNeg    . . .        (helmet currently unavailable)
rPois   .            (no amulet)
rElec   .            (no ring)
rCorr   .            (no ring)
SInv    .            (no ring)
Will    .....        (no ring) Stlth
                     (no ring)
HPRegen 0.30/turn    (no ring)
MPRegen 0.10/turn    (no ring)
                     (no ring)

%: no passive effects
@: berserking, beast-form, constricted, very quick
A: beast (slay +2), almost no armour, amphibious, 8 rings, camouflage 1,
gelatinous body 1, nimble swimmer 1, tentacles
a: Begin Untransformation


You were in a sewer.
You were a hulking beast.
You visited 1 branch of the dungeon, and saw 3 of its levels.
You also visited: Sewer.

You collected 144 gold pieces.

Inventory:

Magical Staves
 m - a staff of air
Talismans
 b - a beast talisman
 c - a flux talisman
Scrolls
 i - 2 scrolls of enchant armour {unknown}
 j - a scroll of immolation {unknown}
 k - a scroll of silence {unknown}
 l - a scroll of poison {unknown}
 n - a scroll of torment {unknown}
 p - a scroll of revelation {unknown}
 r - a scroll of amnesia {unknown}
 s - a scroll of fear {unknown}
 t - 3 scrolls of teleportation
 u - a scroll of blinking {unknown}
Potions
 a - a potion of lignification
 d - a potion of might
 e - a potion of brilliance {unknown}
 f - a potion of resistance {unknown}
 g - a potion of degeneration {unknown}
 o - 2 potions of enlightenment {unknown}
 q - a potion of curing


   Skills:
 + Level 2.6 Fighting
 - Level 2.0 Dodging
 * Level 4.9 Unarmed Combat
 * Level 4.7 Shapeshifting


You had 5 spell levels left.
You didn't know any spells.
Your spell library was empty.

Dungeon Overview and Level Annotations

Branches:
Dungeon (3/15)              Sewer (1/1)

Altars:
Xom


Innate Abilities, Weirdness & Mutations

You are a hulking beast.
Your limbs bulge with bestial killing power. (Slay +2)
You cannot wear most types of armour.
You are amphibious.
You can wear up to eight rings at the same time.
Your skin changes colour to match your surroundings (Stealth+).
Your rubbery body absorbs attacks. (AC +1, EV +1)
You are camouflaged when in or above water. (Stealth+)
You have tentacles for arms and can constrict up to eight enemies at once.


Message History

The bullfrog is moderately wounded.
The bullfrog misses you. The ball python closely misses you.
The ball python constricts you.
You completely miss the bullfrog. Your grab misses the bullfrog.
The bullfrog is moderately wounded.
The bullfrog barely misses you. The ball python barely misses you.
The ball python constricts you. The bullfrog misses you.
The frilled lizard bites you.
The bullfrog hits you but does no damage.
You take 2 damage, and have 26/41 hp.
You barely miss the bullfrog. You grab the bullfrog.
The bullfrog is moderately wounded.
You constrict the bullfrog. The bullfrog closely misses you.
The ball python bites you. The ball python constricts you.
The bullfrog barely misses you. The frilled lizard bites you.
You take 5 damage, and have 21/41 hp.
A red film seems to cover your vision as you go berserk!
You feel yourself moving faster!
You feel mighty!
You constrict the bullfrog.
The bullfrog hits you. x2; The ball python bites you.
The ball python constricts you. The bullfrog closely misses you.
The frilled lizard barely misses you. The bullfrog hits you.
* * * LOW HITPOINT WARNING * * *
You now have 13/61 hp.
You bludgeon the bullfrog! You squeeze the bullfrog.
You kill the bullfrog!
The ball python closely misses you. The ball python constricts you.
The bullfrog closely misses you.
You barely miss the bullfrog. Your grab misses the bullfrog.
You tentacle-slap the bullfrog. Your squeeze misses the bullfrog.
The bullfrog is lightly wounded.
The frilled lizard bites you.
* * * LOW HITPOINT WARNING * * *
The ball python closely misses you. The ball python constricts you.
The bullfrog hits you!
* * * LOW HITPOINT WARNING * * *
You take 10 damage, and have 3/61 hp.
You bludgeon the bullfrog! You grab the bullfrog.
The bullfrog is severely wounded.
You constrict the bullfrog. The bullfrog hits you!
You die...

#######################
##...#~≈≈≈≈~~≈~≈≈≈≈≈≈.†###
#F...~≈≈~≈#~..~≈≈≈≈≈≈~...##
#....~~~~~~≈≈≈#~~~~~≈~....#
#....~≈~~~≈~≈≈S†≈~~~~~....#
#F...~F≈~~~≈≈≈lh~~≈~~.....##
##....~≈≈≈≈≈≈≈F≈≈≈≈≈≈#.....#
#+####################....#
##...## #.†..# +....# ##...#
##...##
####################....#


You could see a bullfrog, a ball python and a frilled lizard.

Vanquished Creatures
  A bullfrog (Sewer)
  11 adders
  7 river rats
  A worm (D:3)
  3 dart slugs
  10 ball pythons
  2 bats
  5 endoplasms
  4 goblins
  7 hobgoblins
  2 jackals (D:3)
  4 frilled lizards
  3 kobolds
  23 rats
83 creatures vanquished.

Notes
Turn   | Place    | Note
-------+----------+-------------------------------------------
     0 | D:1      | Dirtsage the Octopode Shapeshifter began the quest for the
                  | Orb.
     0 | D:1      | Reached XP level 1. HP: 13/13 MP: 1/1
   120 | D:1      | Reached XP level 2. HP: 18/18 MP: 2/2
   567 | D:2      | Reached XP level 3. HP: 23/23 MP: 3/3
   626 | D:2      | Found a shimmering altar of Xom.
   796 | D:2      | Reached XP level 4. HP: 21/29 MP: 4/4
  1270 | D:3      | Found a shimmering altar of Xom.
  1451 | D:3      | Reached XP level 5. HP: 34/34 MP: 5/5
  1461 | D:3      | Found a glowing drain.
  1466 | Sewer    | Entered a sewer
  1911 | Sewer    | Reached XP level 6. HP: 41/41 MP: 6/6
  1996 | Sewer    | HP: 3/61 [bullfrog (8)]
  1997 | Sewer    | Mangled by a bullfrog

Illustrated notes

Levels and vault maps discovered:
D:1:      mainiacjoe_arrival_oval_in_oval, layout_loops_cross,
          chequers_mini_garden, minmay_pentomino_z2
D:2:      layout_basic, basic_altar, hangedman_decor_growths
D:3:      layout_basic, old_standard_altar, lightli_sewer_entry_pipes
Sewer:    sewer_minmay_w

Skill      XL: |  1  2  3  4 |
---------------+-------------+-----
Fighting       | 2 |  2.6
Unarmed Combat | 4 |  4.9
Shapeshifting  | 4 |  4.7
Dodging        | |  2.0

Action                     |  1- 3 |  4- 6 || total
---------------------------+-------+-------++-------
  Melee: Unarmed           |    44 |   105 ||   149
         Constrict         |    11 |    33 ||    44
         Tentacles         |    10 |    19 ||    29
         Punch             |       |     6 ||     6
    Use: Scroll            |       |     4 ||     4
         Potion            |       |     1 ||     1
   Stab: Sleeping          |     5 |     5 ||    10
         Distracted        |     1 |     1 ||     2
 Armour: Skin              |    14 |    51 ||    65
  Dodge: Dodged            |    28 |    87 ||   115

Table legend: (Time is in decaauts)
 A = Elapsed time spent in this place.
 B = Non-inter-level travel time spent in this place.
 C = Inter-level travel time spent in this place.
 D = Time resting spent in this place.
 E = Time spent auto-exploring this place.
 F = Levels seen in this place.
 G = Mean time per level.
                   A        B        C        D        E       F      G
               +--------+--------+--------+--------+--------+-----+--------+
         Total |   1984 |   1891 |     93 |      4 |   1371 |   4 |  496.0 |
       Dungeon |   1460 |   1367 |     93 |      4 |   1115 |   3 |  486.7 |
         Sewer |    524 |    524 |      0 |      0 |    256 |   1 |  524.0 |
               +--------+--------+--------+--------+--------+-----+--------+

Top non-repeatable levels by time:
     D:2: 635 daAuts
     D:1: 559 daAuts
   Sewer: 524 daAuts
     D:3: 265 daAuts
